 Dungeon Crawl Stone Soup version 0.30-a0-702-gdf48620a09 (webtiles) character file.

Game seed: 10809690716759572472

263824 mandoloar the Executioner (level 19, -21/191 HPs)
             Began as a Minotaur Fighter on Jan 21, 2023.
             Was the Champion of Okawaru.
             Killed from afar by a frost giant (47 damage)
             ... with a bolt of cold
             ... on level 2 of the Vaults on Jan 22, 2023.
             The game lasted 02:21:13 (42044 turns).

mandoloar the Executioner (Minotaur Fighter)       Turns: 42044, Time: 02:21:13

Health: -21/191    AC: 41    Str: 50    XL:     19   Next: 26%
Magic:  25/25      EV: 14    Int:  8    God:    Okawaru [******]
Gold:   2922       SH: 16    Dex:  5    Spells: 18/18 levels left

rFire   . . .      SeeInvis .    a - +8 broad axe of Earthquakes {venom, *Noise +Blink Str+8 Dex-3}
rCold   . . .      Faith    .    K - +5 buckler of Okawaru's Whim {rPois Str+6 Int+3 Dex-3}
rNeg    . . .      Spirit   .    T - +9 crystal plate armour "Aneheff" {Regen+}
rPois   +          Reflect  +    B - +2 hat
rElec   .          Harm     .    e - +0 cloak "Qighit" {Str+2 Slay+2}
rCorr   .          Rampage  .    n - +2 pair of gloves
Will    +....                    o - +0 pair of boots Stlth
                                 q - amulet of reflection
HPRegen 1.31/turn                y - +6 ring of strength
MPRegen 0.19/turn                i - +5 ring of evasion

@: about to teleport
A: horns 2, retaliatory headbutt
}: 2/15 runes: serpentine, barnacled
a: Renounce Religion, Evoke Blink, Heroism, Finesse, Duel


You were on level 2 of the Vaults.
You worshipped Okawaru.
Okawaru was exalted by your worship.
You visited 7 branches of the dungeon, and saw 33 of its levels.
You also visited: Ice Cave.

You collected 3954 gold pieces.
You spent 1032 gold pieces at shops.

Inventory:

Hand Weapons
 a - the +8 broad axe of Earthquakes (weapon) {venom, *Noise +Blink Str+8 Dex-3}
   (You found it on level 3 of the Shoals)

   Str:       It affects your strength (+8).
   Dex:       It affects your dexterity (-3).
   +Blink:    It lets you blink.
   *Noise:    It may make noises in combat.
 b - a +3 war axe of flaming
Missiles
 d - 14 silver javelins
 j - 319 stones
 I - 17 boomerangs (quivered)
 J - 5 throwing nets
 L - 7 silver boomerangs
 W - 21 javelins
Armour
 e - the +0 cloak "Qighit" (worn) {Str+2 Slay+2}
   (You acquired it on level 2 of the Shoals)

   Str:       It affects your strength (+2).
   Slay:      It affects your accuracy & damage with ranged weapons and melee
   (+2).
 n - a +2 pair of gloves (worn)
 o - a +0 pair of boots (worn)
 B - a +2 hat (worn)
 K - the +5 buckler of Okawaru's Whim (worn) {rPois Str+6 Int+3 Dex-3}
   (Okawaru gifted it to you on level 3 of the Lair of Beasts)

   Str:       It affects your strength (+6).
   Int:       It affects your intelligence (+3).
   Dex:       It affects your dexterity (-3).
   rPois:     It protects you from poison.
 T - the +9 crystal plate armour "Aneheff" (worn) {Regen+}
   (Okawaru gifted it to you on level 3 of the Shoals)

   Regen:     It increases your rate of health regeneration.
 Z - a +2 cloak of cold resistance
Jewellery
 i - a +5 ring of evasion (right hand)
 q - an amulet of reflection (around neck)
 y - a +6 ring of strength (left hand)
 H - a ring of resist corrosion
 P - a ring of flight
Wands
 c - a wand of polymorph (7)
 l - a wand of digging (8)
 p - a wand of mindburst (40)
 r - a wand of paralysis (11)
 x - a wand of roots (45)
 V - a wand of quicksilver (3)
 X - a wand of flame (33)
Scrolls
 f - 5 scrolls of fog
 g - 18 scrolls of teleportation
 u - 9 scrolls of fear
 z - 4 scrolls of silence
 C - 9 scrolls of poison
 G - 2 scrolls of magic mapping
 Q - 2 scrolls of brand weapon
 R - 11 scrolls of identify
 S - 4 scrolls of amnesia
 Y - 4 scrolls of blinking
Potions
 h - 19 potions of curing
 k - 6 potions of flight
 m - a potion of attraction
 s - 7 potions of heal wounds
 t - 6 potions of mutation
 v - 3 potions of berserk rage
 w - 5 potions of brilliance
 A - 3 potions of invisibility
 D - 3 potions of haste
 F - 2 potions of cancellation
 M - a potion of magic
 N - 5 potions of resistance
 O - 4 potions of lignification
 U - 5 potions of might


   Skills:
 + Level 22.0 Fighting
 + Level 23.5 Axes
 - Level 10.0 Throwing
 + Level 14.6 Armour
 - Level 7.0 Dodging
 - Level 6.0 Stealth
 + Level 14.7 Shields
 - Level 10.0 Invocations


You had 18 spell levels left.
You didn't know any spells.
Your spell library contained the following spells:

 Spells                   Type           Power      Damage    Failure   Level
 Apportation              Tloc           0%         N/A       96%         1
 Foxfire                  Conj/Fire      0%         2x1d4     96%         1
 Necrotise                Necr           0%         1d4       96%         1
 Slow                     Hex            0%         N/A       96%         1
 Cigotuvi's Dreadful Rot  Necr/Pois/Air  0%         N/A       99%         2
 Ensorcelled Hibernation  Hex/Ice        0%         N/A       99%         2
 Lesser Beckoning         Tloc           0%         N/A       99%         2
 Poisonous Vapours        Pois/Air       0%         N/A       99%         2
 Scorch                   Fire           0%         2d5       99%         2
 Confusing Touch          Hex            0%         N/A       100%        3
 Gell's Gravitas          Tloc           0%         N/A       100%        3
 Kindle Blastsparks       Fire/Tloc/Air  0%         2d10      100%        3
 Mephitic Cloud           Conj/Pois/Air  0%         N/A       100%        3
 Spider Form              Tmut/Pois      0%         N/A       100%        3
 Teleport Other           Tloc           0%         N/A       100%        3
 Vampiric Draining        Necr           0%         2d6       100%        3
 Vhi's Electric Charge    Tloc/Air       0%         N/A       100%        3
 Airstrike                Air            0%         2d(0-16)  100%        4
 Anguish                  Hex/Necr       0%         N/A       100%        4
 Cause Fear               Hex            0%         N/A       100%        4
 Dispel Undead            Necr           0%         3d6       100%        4
 Flame Wave               Conj/Fire      0%         2d4       100%        4
 Fulminant Prism          Conj/Hex       0%         3d5       100%        4
 Iskenderun's Mystic Bla  Conj/Tloc      0%         2d3       100%        4
 Agony                    Necr           0%         N/A       100%        5
 Alistair's Intoxication  Tmut/Pois      0%         N/A       100%        5
 Arcjolt                  Conj/Air       0%         1d10      100%        5
 Borgnjor's Vile Clutch   Necr/Erth      0%         N/A       100%        5
 Fireball                 Conj/Fire      0%         3d3       100%        5
 Iskenderun's Battlesphe  Conj           0%         2d6       100%        5
 Lee's Rapid Deconstruct  Erth           0%         3d4*      100%        5
 Lightning Bolt           Conj/Air       0%         1d11      100%        5
 Conjure Ball Lightning   Conj/Air       0%         3x3d6     100%        6
 Dispersal                Tloc           0%         N/A       100%        6
 Eringya's Noxious Bog    Tmut/Pois      0%         N/A       100%        6
 Starburst                Conj/Fire      0%         6d3       100%        6
 Dragon Form              Tmut           0%         N/A       100%        7
 Orb of Destruction       Conj           0%         9d5       100%        7
 Discord                  Hex            0%         N/A       100%        8
 Disjunction              Tloc           0%         N/A       100%        8
 Maxwell's Capacitive Co  Air            0%         ∞         100%        8
 Summon Small Mammal      Summ           Unusable   N/A       N/A         1
 Call Canine Familiar     Summ           Unusable   N/A       N/A         3
 Summon Guardian Golem    Hex/Summ       Unusable   N/A       N/A         3
 Summon Lightning Spire   Summ/Air       Unusable   N/A       N/A         4
 Death Channel            Necr           Unusable   N/A       N/A         6
 Summon Cactus Giant      Summ           Unusable   N/A       N/A         6
 Dragon's Call            Summ           Unusable   N/A       N/A         9

Dungeon Overview and Level Annotations

Branches:
Dungeon (15/15)            Temple (1/1) D:7            Lair (5/5) D:10
 Shoals (4/4) Lair:2        Snake (4/4) Lair:3        Slime (0/5) Lair:4
    Orc (2/2) D:9             Elf (0/3) Orc:2        Vaults (2/5) D:13
  Crypt (0/3) Vaults:2     Depths (0/4) D:15          IceCv (visited)

Altars:
Ashenzari
Cheibriados
Dithmenos
Elyvilon
Fedhas
Gozag
Hepliaklqana
Kikubaaqudgha
Makhleb
Nemelex Xobeh
Okawaru
Qazlal
Ru
Sif Muna
Trog
Uskayaw
Vehumet
Wu Jian
Xom
Yredelemnul
Zin
The Shining One

Shops:
D:1 *   D:3 (   D:4 *   D:8 *   Orc:1 (   Orc:2 =[*[?   Shoals:2 *   Shoals:3 [
Snake:2 *   Snake:3 [[=

Portals:
Trove: D:13 (give +5 demon whip)

Annotations:
Lair:3 3 runed translucent doors, tinescath's ghost, journeyman MiFi; wormed's ghost, journeyman DsFE


Innate Abilities, Weirdness & Mutations

You have a pair of horns on your head.
You reflexively headbutt those who attack you in melee.


Message History

The ironbound preserver casts a spell.
The ironbound preserver begins to accept its allies' injuries.
The vault sentinel blows a loud note on a signal horn!
The ironbound preserver hits you with a +0 great mace!
You open the ironbound preserver like a pillowcase!!!
The ironbound preserver looks as sick as possible!
The ironbound preserver is almost dead.
The vault warden activates a sealing rune.
Electricity crackles from the ironbound thunderhulk's apparatus.
The bolt of lightning hits you!!
* * * LOW HITPOINT WARNING * * *
You barely miss the ironbound preserver.
The ironbound preserver is almost dead.
The ironbound preserver mumbles some strange words.
The ironbound preserver is healed somewhat.
Okay, then.
As you read the scroll of teleportation, it crumbles to dust.
You feel strangely unstable.
Strange energies crackle from the ironbound thunderhulk's apparatus.
The ironbound thunderhulk blinks!
You block the ironbound preserver's attack.
You slice the ironbound preserver!!
You kill the ironbound preserver!
Okawaru accepts your kill.
Strange energies crackle from the ironbound thunderhulk's apparatus.
The ironbound thunderhulk blinks!
The ironbound thunderhulk hits you with a +0 dire flail.
* * * LOW HITPOINT WARNING * * *
You dice the ironbound thunderhulk like an onion!!!
You kill the ironbound thunderhulk!
The ironbound thunderhulk's corpse dissolves into shadows!
You slice the frost giant!!
The frost giant attacks as you move away!
The frost giant hits you with a +0 battleaxe of freezing!
* * * LOW HITPOINT WARNING * * *
The frost giant freezes you.
* * * LOW HITPOINT WARNING * * *
The frost giant points at you and mumbles some strange words.
The bolt of cold hits you!!!
You die...

..# #.......# .. #....#
#.)..<..# . . #..k#.#
#.......# # .. . #... #k#
#.......# # ... #.##...###.#
#.......# #
#...#+#p.)##.#k#######'######
#...pp.c##^.####...#...#...#
##...cp##.....[+.#.#.#.#.#.#
.'..ppcc)C.@...#(..#...#...'
##..p§c##......#'###.#.#'###
#....{.p##..####...........#
#...#+#...##.#?##.#.#.#.#.#.#
... #.##...###.##...........#
.. . #... #.##'###.#.###'# .
. #...#.##...#...#...# ..
#... #.#.#.#.#.#.#
#...#.).#...#


You could see a frost giant (very poisoned), a yaktaur captain, 2 vault guards,
an ironbound frostheart, a vault sentinel, a lindwurm and 3 yaktaurs.

Vanquished Creatures
  Sojobo (Vaults:2)
  Nikola (Vaults:2)
  Rupert (Orc:1)
  Jorgrun (D:14)
  2 tengu reavers (Vaults:2)
  Frances (D:14)
  2 krakens (Shoals:2)
  Donald (Vaults:1)
  Kirke (D:13)
  3 nagarajas (Snake:4)
  4 vault wardens
  The ghost of chippings the Unseen, an adept MfGl of Hepliaklqana (Shoals:4)
  Louise (D:15)
  Aizul (Snake:4)
  A war gargoyle (Vaults:2)
  10 ironbound preservers
  5 ironbound thunderhulks
  7 dire elephants
  An ettin (Vaults:2)
  2 yaktaur captains
  A crystal guardian (Vaults:2)
  A fire dragon (Lair:1)
  10 merfolk impalers
  5 merfolk javelineers (Shoals:4)
  2 entropy weavers
  Josephine (D:10)
  An entropy weaver (shapeshifter) (D:15)
  A great orb of eyes (Vaults:2)
  A rakshasa (D:15)
  Erolcha (Orc:2)
  A peacekeeper (Vaults:2)
  4 hydras
  A salamander tyrant (Snake:4)
  4 vault guards (Vaults:2)
  5 boulder beetles
  2 ironbound frosthearts
  A catoblepas (Lair:5)
  10 centaur warriors
  2 alligator snapping turtles
  8 merfolk aquamancers (Shoals:4)
  3 two-headed ogres
  9 anacondas
  A death knight (D:14)
  13 naga warriors
  A satyr (Shoals:2)
  A spectral dire elephant (Lair:5)
  An orc high priest (Orc:2)
  5 shock serpents
  9 death yaks
  12 naga sharpshooters
  8 salamander mystics
  3 skeletal warriors (D:15)
  26 deep trolls
  A spectral anaconda (Lair:5)
  11 sea snakes
  A flayed ghost (Vaults:2)
  8 naga ritualists
  A wizard (Vaults:1)
  2 bog bodies (IceCv)
  An obsidian statue (Lair:5)
  10 ironbound convokers
  14 lindwurms
  Pikel (D:7)
  18 harpies
  5 necromancers
  3 mana vipers
  A phantasmal warrior (Vaults:2)
  3 orc knights (Orc:2)
  15 ugly things
  The ghost of drugrobin the Martial Artist, a novice DgDe (D:5)
  An orc sorcerer (Orc:2)
  17 salamanders
  A deep elf pyromancer (D:13)
  10 fauns
  17 manticores
  10 cyclopes
  Maurice (D:12)
  A fire giant skeleton (Vaults:2)
  20 black mambas
  8 water nymphs
  An ice statue (IceCv)
  6 guardian serpents
  Joseph (D:7)
  13 elephants (Lair:5)
  3 vault sentinels
  12 merfolk sirens
  6 naga magi
  15 cane toads
  3 unseen horrors
  4 gargoyles
  2 dire elephant skeletons (Lair:5)
  2 kobold demonologists
  3 rime drakes (Lair:5)
  A freezing wraith (IceCv)
  8 komodo dragons
  15 yaktaurs
  An efreet (D:14)
  A troll (shapeshifter) (D:13)
  10 wind drakes
  6 meliai
  4 polar bears
  5 trolls
  11 snapping turtles
  26 merfolk
  2 dream sheep (Shoals:2)
  16 blink frogs
  Prince Ribbit (D:7)
  18 slime creatures
  2 shadows
  A flying skull (Vaults:2)
  3 dire elephant simulacra (IceCv)
  An ettin skeleton (Vaults:2)
  A yak (shapeshifter) (D:13)
  5 wraiths
  39 yaks
  3 wyverns
  2 humans (D:13)
  8 water elementals
  2 hogs (D:13)
  A steam dragon (Lair:4)
  2 death yak simulacra (Lair:5)
  9 basilisks
  3 redbacks
  A vampire mosquito (D:13)
  6 wargs
  3 spectral cane toads (Lair:5)
  47 nagas
  An acid dragon (D:10)
  A harpy simulacrum (IceCv)
  9 water moccasins
  37 orc warriors
  4 sky beasts (D:7)
  24 centaurs
  9 ogres
  A human zombie (Vaults:2)
  An elephant skeleton (Lair:5)
  5 wolves (Lair:4)
  3 kobold brigands
  7 bullfrogs
  A lemure (D:7)
  3 scorpions
  4 two-headed ogre simulacra (IceCv)
  4 cane toad simulacra
  12 wights
  18 killer bees
  2 elephant simulacra (IceCv)
  8 howler monkeys
  13 electric eels
  A crimson imp (D:4)
  A human simulacrum (Vaults:2)
  A jelly (D:4)
  5 hounds
  3 gnoll boudas (D:10)
  13 orc priests
  Crazy Yiuf (D:7)
  3 iguanas (D:5)
  22 orc wizards
  A polar bear simulacrum (IceCv)
  9 hell rats
  8 spriggan simulacra (IceCv)
  6 troll simulacra (IceCv)
  3 wolf simulacra (IceCv)
  10 gnolls (D:10)
  6 adders
  A naga simulacrum (IceCv)
  A river rat (D:5)
  8 white imps (IceCv)
  7 ufetubi
  3 dart slugs
  59 orcs
  3 endoplasms
  A giant cockroach (D:2)
  8 goblins
  8 hobgoblins
  2 jackals (D:2)
  5 quokkas
  5 ball pythons
  11 bats
  5 frilled lizards
  24 kobolds
  10 rats
  A spectral goblin (D:9)
  A plant (Shoals:4)
  4 tentacles (Shoals:2)
1145 creatures vanquished.

Vanquished Creatures (others)
  47 fungi
  152 plants
  8 tentacles (Shoals:2)
  27 withered plants
234 creatures vanquished.

Grand Total: 1379 creatures vanquished

Notes
Turn   | Place    | Note
-------+----------+-------------------------------------------
     0 | D:1      | mandoloar the Minotaur Fighter began the quest for the Orb.
     0 | D:1      | Reached XP level 1. HP: 19/19 MP: 0/0
    87 | D:1      | Found Lyot's Assorted Antiques.
    97 | D:1      | Reached skill level 3 in Axes
   105 | D:1      | Reached XP level 2. HP: 26/26 MP: 1/1
   301 | D:1      | Found a faded altar of an unknown god.
   387 | D:1      | Reached skill level 4 in Axes
   498 | D:2      | Noticed a scorpion
   507 | D:2      | Killed a scorpion
   508 | D:2      | Reached skill level 5 in Axes
   508 | D:2      | Reached XP level 3. HP: 8/31 MP: 2/2
   508 | D:2      | Reached XP level 4. HP: 10/39 MP: 3/3
   997 | D:2      | Reached skill level 6 in Axes
  1537 | D:3      | Reached XP level 5. HP: 20/45 MP: 4/4
  1648 | D:3      | Found Xucysus's Antique Weapon Boutique.
  1709 | D:3      | Reached skill level 7 in Axes
  2047 | D:3      | Reached XP level 6. HP: 50/51 MP: 5/5
  2124 | D:3      | Found a shimmering blue altar of Sif Muna.
  2339 | D:4      | Reached skill level 8 in Axes
  2433 | D:4      | Found Ezxohics's General Store.
  2582 | D:4      | Found an opulent altar of Gozag.
  2796 | D:4      | Found a burning altar of Makhleb.
  2797 | D:4      | Found a shimmering altar of Xom.
  3003 | D:5      | Entered Level 5 of the Dungeon
  3143 | D:5      | Reached skill level 9 in Axes
  3201 | D:5      | Found a glowing golden altar of the Shining One.
  3280 | D:5      | Reached XP level 7. HP: 48/57 MP: 6/6
  3536 | D:5      | Reached skill level 10 in Axes
  3584 | D:5      | Found the +8 Wrath of Trog {antimagic, *Rage Rampage}
  3900 | D:5      | Found a runed translucent door.
  3901 | D:5      | Noticed drugrobin's ghost (novice DgDe)
  3926 | D:5      | Found a runed translucent door.
  3972 | D:5      | Identified the +0 leather armour of the Sneaky Things
                  | {Rampage rF- Str+4 Dex+7}
  4219 | D:6      | Found a sparkling altar of Nemelex Xobeh.
  4249 | D:6      | Found a stormy altar of Qazlal.
  4301 | D:6      | Reached skill level 5 in Fighting
  4301 | D:6      | Reached XP level 8. HP: 68/68 MP: 7/7
  4519 | D:6      | Reached skill level 11 in Axes
  5272 | D:7      | Noticed Joseph
  5287 | D:7      | Killed Joseph
  5288 | D:7      | Reached skill level 12 in Axes
  5327 | D:7      | Found a staircase to the Ecumenical Temple.
  5354 | D:7      | Reached XP level 9. HP: 81/81 MP: 8/8
  5362 | Temple   | Entered the Ecumenical Temple
  5421 | D:7      | Noticed a +0 spear
  5422 | D:7      | Noticed a +0 falchion
  5423 | D:7      | Noticed a +0 falchion
  5423 | D:7      | Noticed a +0 short sword
  5424 | D:7      | Noticed a +0 spear
  5424 | D:7      | Noticed a +0 dagger
  5425 | D:7      | Noticed a +0 dagger
  5426 | D:7      | Found a hide-covered altar of Uskayaw.
  5426 | D:7      | Noticed a +0 short sword
  5503 | D:7      | Found a sacrificial altar of Ru.
  5521 | D:7      | Found a shadowy altar of Dithmenos.
  6229 | D:7      | Noticed Pikel
  6244 | D:7      | Killed Pikel
  6245 | D:7      | Reached skill level 13 in Axes
  6426 | D:7      | Reached skill level 10 in Fighting
  6474 | D:7      | Noticed Prince Ribbit
  6493 | D:7      | Killed Prince Ribbit
  6727 | D:7      | Found a runed translucent door.
  6728 | D:7      | Noticed Crazy Yiuf
  6733 | D:7      | Killed Crazy Yiuf
  6779 | D:8      | Found Agaxo's Gadget Gallery.
  6990 | D:8      | Found a radiant altar of Vehumet.
  7060 | D:8      | Found an iron altar of Okawaru.
  7065 | D:8      | Became a worshipper of Warmaster Okawaru
  7101 | D:8      | Reached XP level 10. HP: 91/94 MP: 9/9
  7105 | D:8      | Reached skill level 14 in Axes
  7108 | D:8      | Reached * piety under Okawaru
  7285 | D:8      | You fall into a shaft and drop 2 floors!
  7285 | D:10     | Entered Level 10 of the Dungeon
  7354 | D:9      | Found a blossoming altar of Fedhas.
  8474 | D:9      | Reached ** piety under Okawaru
  8506 | D:9      | Reached skill level 15 in Axes
  8729 | D:9      | Found a staircase to the Orcish Mines.
  8917 | D:9      | Found a hazy altar of Hepliaklqana.
  9043 | D:9      | Paralysed by a kobold for 4 turns
  9093 | D:9      | Found a glowing silver altar of Zin.
  9169 | D:9      | Noticed a two-headed ogre
  9177 | D:9      | Noticed a two-headed ogre
  9178 | D:9      | Killed a two-headed ogre
  9184 | D:9      | Killed a two-headed ogre
  9189 | D:9      | Reached *** piety under Okawaru
  9195 | D:9      | Reached XP level 11. HP: 97/107 MP: 10/10
 10119 | D:10     | Found a snail-covered altar of Cheibriados.
 10291 | D:10     | Found a staircase to the Lair.
 10348 | D:10     | Reached skill level 16 in Axes
 10433 | D:10     | Noticed Josephine
 10445 | D:10     | Killed Josephine
 10676 | D:10     | Received a gift from Okawaru
 11758 | Lair:1   | Entered Level 1 of the Lair of Beasts
 12266 | Lair:1   | Reached **** piety under Okawaru
 12494 | Lair:1   | Identified the +7 plate armour of Enormous Surprise {Regen+
                  | Dex+3}
 12508 | Lair:1   | Reached skill level 17 in Axes
 12587 | Lair:1   | Noticed a fire dragon
 12608 | Lair:1   | Killed a fire dragon
 13235 | Lair:1   | Reached skill level 15 in Fighting
 13419 | Lair:1   | Upgraded the game from 0.30-a0-696-g2367cd04db to
                  | 0.30-a0-702-gdf48620a09
 13594 | Lair:2   | Reached ***** piety under Okawaru
 13603 | Lair:2   | Reached XP level 12. HP: 121/121 MP: 11/11
 13608 | Lair:2   | Noticed a death yak
 13613 | Lair:2   | Noticed a death yak
 13621 | Lair:2   | Killed a death yak
 13631 | Lair:2   | Killed a death yak
 13667 | Lair:2   | Noticed a death yak
 13683 | Lair:2   | Killed a death yak
 13684 | Lair:2   | Reached skill level 18 in Axes
 13837 | Lair:2   | Found a staircase to the Shoals.
 14579 | Lair:3   | Found a runed translucent gate.
 14604 | Lair:4   | Found a staircase to the Slime Pits.
 14611 | Lair:5   | Entered Level 5 of the Lair of Beasts
 14625 | Lair:5   | Received a gift from Okawaru
 14749 | Lair:5   | Reached skill level 19 in Axes
 14893 | Lair:5   | Noticed a seven-headed hydra
 15113 | Lair:3   | Noticed a death yak
 15114 | Lair:3   | Noticed a death yak
 15114 | Lair:3   | Noticed a death yak
 15114 | Lair:3   | Noticed a death yak
 15138 | Lair:3   | Noticed a death yak
 15139 | Lair:3   | Killed a death yak
 15139 | Lair:3   | Identified the +5 buckler of Okawaru's Whim {rPois Str+6
                  | Int+3 Dex-3} (Okawaru gifted it to you on level 3 of the
                  | Lair of Beasts)
 15139 | Lair:3   | Received a gift from Okawaru
 15140 | Lair:3   | Reached XP level 13. HP: 113/133 MP: 10/12
 15352 | Lair:3   | Found a staircase to the Snake Pit.
 15376 | Lair:3   | Reached skill level 1 in Dodging
 15423 | Lair:3   | Found a runed translucent gate.
 15423 | Lair:3   | Found a runed translucent gate.
 15424 | Lair:3   | Noticed wormed's ghost (journeyman DsFE)
 15425 | Lair:3   | Noticed tinescath's ghost (journeyman MiFi)
 15437 | Lair:3   | Reached skill level 1 in Invocations
 15461 | Lair:3   | Reached skill level 1 in Throwing
 15746 | D:5      | Killed drugrobin's ghost
 15747 | D:5      | Reached skill level 1 in Stealth
 16079 | Lair:3   | Found a bloodstained altar of Trog.
 18283 | Lair:5   | Reached skill level 5 in Shields
 18396 | Lair:5   | Noticed a dire elephant
 18396 | Lair:5   | Noticed a dire elephant
 18396 | Lair:5   | Noticed a dire elephant
 18531 | Lair:5   | Reached skill level 5 in Armour
 18577 | Lair:5   | Reached skill level 20 in Axes
 18906 | Lair:5   | Identified the -1 kite shield of Ydokhl Cata {-Cast rC++
                  | rN++} (Okawaru gifted it to you on level 5 of the Lair of
                  | Beasts)
 18906 | Lair:5   | Received a gift from Okawaru
 19138 | Lair:5   | Reached XP level 14. HP: 140/142 MP: 15/15
 21257 | D:12     | Noticed Maurice
 21263 | D:12     | Killed Maurice
 22098 | D:13     | Found a gate to the Vaults.
 22098 | D:13     | Noticed an ironbound preserver
 22106 | D:13     | Killed an ironbound preserver
 22107 | D:13     | Reached skill level 5 in Dodging
 22107 | D:13     | Received a gift from Okawaru
 22608 | D:13     | Noticed Kirke
 22633 | D:13     | Killed Kirke
 22817 | D:13     | Found a portal to a secret trove of treasure.
 22872 | D:13     | Reached skill level 5 in Invocations
 23003 | D:13     | Identified a scroll of acquirement
 23003 | D:13     | Acquired a +4 antimagic broad axe
 23029 | D:14     | Reached skill level 5 in Throwing
 23347 | D:14     | Identified the +9 spear "Ankoek" {speed, rPois Str+3 SInv}
 23571 | D:14     | Noticed Frances
 23585 | D:14     | Killed Frances
 23607 | D:14     | Noticed Jorgrun
 23614 | D:14     | Reached ****** piety under Okawaru
 23633 | D:14     | Killed Jorgrun
 23633 | D:14     | Received a gift from Okawaru
 23634 | D:14     | Reached XP level 15. HP: 115/150 MP: 4/18
 24065 | D:15     | Entered Level 15 of the Dungeon
 24151 | D:15     | Noticed Louise
 24176 | D:15     | Killed Louise
 24397 | D:15     | Reached skill level 5 in Stealth
 25102 | D:15     | Found a staircase to the Depths.
 25106 | D:15     | Received a gift from Okawaru
 25375 | Snake:1  | Entered Level 1 of the Snake Pit
 25835 | Snake:1  | Received a gift from Okawaru
 25952 | Snake:1  | Identified the +4 robe of Purpose {Drain +Inv Int+3 Dex+3}
                  | (Okawaru gifted it to you on level 1 of the Snake Pit)
 25952 | Snake:1  | Received a gift from Okawaru
 27601 | Snake:2  | Found Naecw's General Store.
 27880 | Snake:3  | Reached skill level 21 in Axes
 27929 | Snake:3  | Found Peatuh's Armour Emporium.
 28175 | Snake:3  | Reached XP level 16. HP: 140/160 MP: 6/20
 28297 | Snake:4  | Entered Level 4 of the Snake Pit
 28324 | Snake:3  | Found Nyptova's Antique Armour Boutique.
 28329 | Snake:3  | Found Voguc's Jewellery Boutique.
 28342 | Snake:3  | Received a gift from Okawaru
 28638 | Snake:3  | Identified the +1 ring mail "Viuxedwu" {rCorr Int+3}
 28894 | Snake:4  | Received a gift from Okawaru
 29372 | Snake:4  | Received a gift from Okawaru
 29576 | Snake:4  | Noticed Aizul
 29591 | Snake:4  | Killed Aizul
 29591 | Snake:4  | Received a gift from Okawaru
 29818 | Snake:4  | Received a gift from Okawaru
 29824 | Snake:4  | Reached skill level 10 in Shields
 29917 | Snake:4  | Reached skill level 10 in Armour
 29947 | Snake:4  | Received a gift from Okawaru
 30233 | Snake:4  | Identified the +0 cloak "Wawuking" {Harm rElec rN+ Dex+2}
                  | (Okawaru gifted it to you on level 4 of the Snake Pit)
 30233 | Snake:4  | Received a gift from Okawaru
 30437 | Snake:4  | Got a serpentine rune of Zot
 30758 | Shoals:1 | Entered Level 1 of the Shoals
 31077 | Orc:1    | Entered Level 1 of the Orcish Mines
 31328 | Orc:1    | Found Cikosh Yvokh's Firing Range.
 31386 | Orc:1    | Found a frozen archway.
 31401 | IceCv    | Entered an ice cave
 32982 | Orc:2    | Entered Level 2 of the Orcish Mines
 33030 | Orc:2    | Reached XP level 17. HP: 155/170 MP: 7/22
 33043 | Orc:2    | Noticed Rupert
 33070 | Orc:1    | Killed Rupert
 33278 | Orc:2    | Found Aresh's Jewellery Emporium.
 33474 | Orc:2    | Noticed Erolcha
 33514 | Orc:2    | Killed Erolcha
 33556 | Orc:2    | Found a staircase to the Elven Halls.
 33722 | Orc:2    | Found Pijiumam's Armour Emporium.
 33722 | Orc:2    | Found Vor Ude's Assorted Antiques.
 33724 | Orc:2    | Found Ymaitul's Armour Shop.
 33726 | Orc:2    | Found Ryp Roc's Magic Scroll Shoppe.
 33731 | Orc:2    | Bought a scroll of blinking for 195 gold pieces
 33738 | Orc:2    | Bought a scroll of teleportation for 39 gold pieces
 33738 | Orc:2    | Bought a scroll of enchant armour for 97 gold pieces
 33738 | Orc:2    | Bought a scroll of enchant armour for 97 gold pieces
 33743 | Orc:2    | Bought a +2 hat for 208 gold pieces
 33919 | Shoals:1 | Received a gift from Okawaru
 34497 | Orc:1    | Bought 4 javelins for 216 gold pieces
 34497 | Orc:1    | Bought 5 boomerangs for 180 gold pieces
 34901 | Shoals:1 | Identified the +3 long sword "Benozale" {pain, Str+5}
 35021 | Shoals:2 | Found Qanuikhy's Assorted Antiques.
 35039 | Shoals:2 | Received a gift from Okawaru
 35252 | Shoals:2 | Received a gift from Okawaru
 35265 | Shoals:2 | Reached skill level 22 in Axes
 35606 | Shoals:2 | Received a gift from Okawaru
 35695 | Shoals:2 | Noticed a kraken
 35705 | Shoals:2 | Killed a kraken
 35737 | Shoals:2 | Noticed a kraken
 35746 | Shoals:2 | Killed a kraken
 35789 | Shoals:2 | Acquired the +0 cloak "Qighit" {Str+2 Slay+2}
 36150 | Shoals:3 | Identified the +8 broad axe of Earthquakes {venom, *Noise
                  | +Blink Str+8 Dex-3}
 36259 | Shoals:3 | Identified the +9 crystal plate armour "Aneheff" {Regen+}
                  | (Okawaru gifted it to you on level 3 of the Shoals)
 36259 | Shoals:3 | Received a gift from Okawaru
 36474 | Shoals:3 | Identified the +8 longbow of the Open Hand {flame, Will+
                  | Int+4}
 36943 | Shoals:3 | Found Tooqurr's Antique Armour Shoppe.
 36961 | Shoals:4 | Entered Level 4 of the Shoals
 37574 | Shoals:4 | Found a runed translucent door.
 37575 | Shoals:4 | Noticed chippings's ghost (adept MfGl)
 37915 | Shoals:4 | Reached skill level 10 in Invocations
 37920 | Shoals:4 | Received a gift from Okawaru
 37921 | Shoals:4 | Reached XP level 18. HP: 143/180 MP: 17/24
 37926 | Shoals:4 | Reached skill level 10 in Throwing
 38004 | Shoals:4 | Got a barnacled rune of Zot
 38087 | Shoals:4 | Killed chippings's ghost
 38428 | Vaults:1 | Entered Level 1 of the Vaults
 38444 | Vaults:1 | Identified the +5 chain mail "Qizxemnurr" {Int+7 Dex-5}
                  | (Okawaru gifted it to you on level 1 of the Vaults)
 38444 | Vaults:1 | Received a gift from Okawaru
 38892 | Vaults:1 | HP: 1/182 [ironbound thunderhulk/bolt of lightning (65)]
 39482 | Vaults:1 | Noticed Donald
 39499 | Vaults:1 | Killed Donald
 39899 | Vaults:1 | Identified the +6 scale mail of Xesuhair {Str+5} (Okawaru
                  | gifted it to you on level 1 of the Vaults)
 39899 | Vaults:1 | Received a gift from Okawaru
 39912 | Vaults:1 | Reached skill level 23 in Axes
 40922 | Vaults:2 | Noticed Sojobo
 40927 | Vaults:2 | Paralysed by an air elemental for 1 turns
 40945 | Vaults:2 | Killed Sojobo
 41101 | Vaults:2 | Reached XP level 19. HP: 125/184 MP: 25/25
 41396 | Vaults:2 | Noticed Nikola
 41406 | Vaults:2 | Killed Nikola
 41769 | Vaults:2 | Found a staircase to the Crypt.
 41977 | Vaults:2 | Received a gift from Okawaru
 42044 | Vaults:2 | Killed from afar by a frost giant

Illustrated notes

Levels and vault maps discovered:
D:1:      dpeg_arrival_refuge, layout_rooms,
          shapermc_ecumenical_altar_mp_ritualfount, serial_shops, shop
D:2:      layout_loops_ring, wad_floor_pattern_untrapped
D:3:      layout_loops_ring, lemuel_tele_altar, serial_glass, glass_columns_b,
          glass_columns_a, glass_columns_a, glass_columns_c, glass_columns_b,
          glass_columns_b, glass_columns_a, glass_columns_b, serial_shops, shop,
          kennysheep_doodads
D:4:      layout_basic, grunt_temple_overflow_champion_of_chaos,
          mainiacjoe_overflow_paths, serial_shops, shop
D:5:      layout_gridville, tso_altar, ebering_ghost_sewer_f
D:6:      layout_loops_corners, old_standard_altar, grunt_qazlal_sundering,
          serial_aquarium, aquarium_bridge_straight [aquarium_subvault_bridge,
          aquarium_subvault_wall, aquarium_subvault_bridge,
          aquarium_subvault_wall], aquarium_window_1, aquarium_window_3,
          aquarium_view_2c, aquarium_view_2f, aquarium_pool_five,
          kennysheep_generic_room_8
D:7:      layout_basic, mainiacjoe_overflow_tiny_flanked,
          nicolae_uskayaw_en_pointe, nicolae_dithmenos_shadow_blocks,
          minmay_temple_entry_junction, grunt_ministairs_11, hex_medium,
          uniq_prince_ribbit1, uniq_joseph, uniq_pikel, uniq_crazy_yiuf_cottage
D:8:      layout_gridville, mainiacjoe_overflow_six_doors_small,
          vehumet_crystals, nicolae_shop_gadgets
D:9:      layout_basic, mainiacjoe_overflow_concentric_impassable,
          overflow_temple_1_default, nicolae_hepliaklqana_monster_ancestors,
          david_orc_3, amcnicky_mini_corridor_feature
D:10:     kennysheep_seaside_town, layout_grid_maze,
          mainiacjoe_overflow_cross_hatched, lair_entry_dummy, uniq_josephine
D:11:     layout_loops_cross, nrook_uturn
D:12:     layout_gridville, grunt_decor_fettered, uniq_maurice
D:13:     layout_layer_cave, skrybe_vaults_entry_preservation,
          nicolae_trove_entry_free_sample, uniq_kirke
D:14:     layout_grid_maze, kennysheep_boxes, uniq_frances, uniq_jorgrun
D:15:     hangedman_depths_entry_try_elsewhere_first, layout_loops_ring,
          uniq_louise
Temple:   hellmonk_temple_micro_hex
Lair:1:   dragon1_lemuel, layout_hall_layers, gauntlet_entry_generic,
          st_stairs_13, beast_lair_carwin_1, grunt_megastairs_4
Lair:2:   layout_loops_ring, minmay_shoals_entry_beasts,
          nicolae_lair_grazing_beasts [nicolae_sub_lair_graze_edge,
          nicolae_sub_lair_graze_edge, nicolae_sub_lair_graze_edge,
          nicolae_sub_lair_graze_edge], grunt_megastairs_1
Lair:3:   layout_chaotic_city, minmay_snake_entry_guardpost_large,
          gammafunk_ghost_cemetery, basic_altar
Lair:4:   layout_small_grid, slime_entry_1, lemuel_fruit_fields
Lair:5:   due_jungle_book, layout_gridlike, chequers_serial_rivers_micro_a,
          kennysheep_basilisk_garden
Shoals:1: layout_shoals
Shoals:2: layout_shoals, serial_shops, shop
Shoals:3: layout_shoals, serial_shops, nicolae_shop_behind_doors
Shoals:4: shoals_end_simple, layout_shoals, ebering_ghost_reflecting_pool
Snake:1:  layout_layer_cave, drop_trap
Snake:2:  layout_onion, serial_shops, shop, serial_bayou_crossing,
          nicolae_triple_integral
Snake:3:  layout_basic, serial_shops, nicolae_shop_window_shopping,
          minmay_shop_star, grunt_megastairs_3
Snake:4:  johnstein_snake_rune_scales, layout_chambers, uniq_aizul
Orc:1:    layout_diamond_mine, portal_ice_cave_entry_pillars_1,
          nicolae_shop_firing_range
Orc:2:    st_orc_rangers, layout_caves, serial_shops, nicolae_shop_trees,
          uniq_rupert, uniq_erolcha
Vaults:1: grunt_vaults_twisty, vaults_room_pools, hangedman_vaults_cutoff,
          vaults_room_pools, nicolae_vaults_c_with_doors,
          layout_vaults_chaotic_city, serial_shops, bzr_entry_customers,
          uniq_donald
Vaults:2: minmay_crypt_entry_simple_walls, nicolae_vaults_network_star,
          v_misc_25, v_alt_pattern_2, nicolae_vaults_arrows, vaults_dpeg_spiral,
          v_pattern_2, nicolae_vaults_little_squares_3,
          vaults_room_stairs_pillars, nicolae_vaults_gold_heap,
          vaults_room_pools, v_misc_15, v_misc_14,
          nicolae_vaults_little_squares_4, layout_vaults_omnibox, uniq_nikola,
          uniq_sojobo

Skill      XL: |  1  2  3  4  5  6  7  8  9 10 11 12 13 14 15 16 17 18 19 |
---------------+----------------------------------------------------------+-----
Axes           | 3 5 6 7 9 10 12 13 15 17 19 20 21 22 23 | 23.5
Fighting       | 5 8 10 13 15 17 18 19 20 21 22 | 22.0
Dodging        | 3 5 7 |  7.0
Invocations    | 3 5 6 8 10 | 10.0
Throwing       | 3 5 6 8 9 10 | 10.0
Shields        | 5 7 9 10 12 14 | 14.7
Armour         | 5 7 9 10 12 14 | 14.6
Stealth        | 2 4 6 |  6.0

Action                   |  1- 3 |  4- 6 |  7- 9 | 10-12 | 13-15 | 16-18 | 19-21 || total
-------------------------+-------+-------+-------+-------+-------+-------+-------++-------
Melee: War axe           |    55 |   164 |   218 |   497 |   495 |       |       ||  1429
       Headbutt          |     8 |    15 |    44 |   111 |   235 |   261 |    21 ||   695
       Broad axe         |       |       |       |       |   454 |  1086 |    94 ||  1634
Throw: Stone             |       |     2 |     6 |    12 |     5 |     2 |       ||    27
       Boomerang         |       |       |       |       |       |   284 |     3 ||   287
Invok: Heroism           |       |       |       |    10 |    10 |     9 |       ||    29
       Finesse           |       |       |       |       |     1 |     5 |       ||     6
  Use: Scroll            |       |    10 |     2 |    11 |    10 |     5 |     1 ||    39
       Potion            |       |       |     1 |     2 |     1 |     4 |       ||     8
Armor: Scale mail        |    21 |    59 |       |       |       |       |       ||    80
       Plate armour      |       |    27 |    89 |   192 |   329 |   241 |       ||   878
       Crystal plate arm |       |       |       |       |       |   240 |    22 ||   262
Dodge: Dodged            |    30 |    65 |    31 |    82 |   291 |   383 |    25 ||   907
Block: Buckler           |    17 |    30 |    84 |   153 |   564 |   908 |    52 ||  1808
       Reflection        |       |       |     4 |    12 |    58 |   143 |     9 ||   226

Table legend: (Time is in decaauts)
 A = Elapsed time spent in this place.
 B = Non-inter-level travel time spent in this place.
 C = Inter-level travel time spent in this place.
 D = Time resting spent in this place.
 E = Time spent auto-exploring this place.
 F = Levels seen in this place.
 G = Mean time per level.
                   A        B        C        D        E       F      G
               +--------+--------+--------+--------+--------+-----+--------+
         Total |  41585 |  38005 |   3580 |   6277 |  22772 |  34 | 1223.1 |
       Dungeon |  19268 |  17011 |   2257 |   3393 |  10423 |  15 | 1284.5 |
        Temple |      1 |      1 |      0 |      0 |      0 |   1 |    1.0 |
          Lair |   7244 |   6458 |    786 |    865 |   3475 |   5 | 1448.8 |
        Shoals |   4226 |   4043 |    183 |    242 |   2742 |   4 | 1056.5 |
     Snake Pit |   5194 |   4966 |    228 |    480 |   3347 |   4 | 1298.5 |
  Orcish Mines |   1345 |   1257 |     88 |    170 |    654 |   2 |  672.5 |
        Vaults |   2924 |   2889 |     35 |    623 |   1508 |   2 | 1462.0 |
      Ice Cave |   1380 |   1380 |      0 |    504 |    622 |   1 | 1380.0 |
               +--------+--------+--------+--------+--------+-----+--------+

Top non-repeatable levels by time:
     D:9: 2477 daAuts
    D:10: 2300 daAuts
Vaults:1: 1738 daAuts
  Lair:4: 1708 daAuts
     D:7: 1694 daAuts
    D:13: 1679 daAuts
 Snake:4: 1671 daAuts
  Lair:5: 1643 daAuts
  Lair:1: 1546 daAuts
 Snake:1: 1414 daAuts
   IceCv: 1380 daAuts
     D:6: 1289 daAuts
Shoals:4: 1227 daAuts
     D:8: 1203 daAuts
    D:12: 1188 daAuts
